 Dungeon Crawl Stone Soup version 0.32-a0-705-g60f233581c (webtiles) character file.

Game seed: 598986890802015411

6930 pokeman the Eclecticist (level 10, -4/56 HPs)
             Began as a Deep Elf Hedge Wizard on Mar 13, 2024.
             Was a Priest of Vehumet.
             Slain by a troll (10 damage)
             ... on level 9 of the Dungeon on Mar 14, 2024.
             The game lasted 00:26:52 (9277 turns).

pokeman the Eclecticist (Deep Elf Hedge Wizard)     Turns: 9277, Time: 00:26:53

Health: -4/56      AC:  9    Str:  7    XL:     10   Next: 80%
Magic:  36/40      EV: 12    Int: 30    God:    Vehumet [***...]
Gold:   503        SH:  0    Dex: 14    Spells: 30/39 levels left

rFire   . . .        A - +3 hammer of the Insatiable Spines {freeze, rCorr Stlth+}
rCold   + . .        (no shield)
rNeg    . . .        Q - +1 robe {rC+}
rPois   .            E - +0 helmet
rElec   .            P - +1 cloak
rCorr   +            i - +0 pair of gloves
SInv    .            j - +0 pair of boots
Will    +....        u - amulet of regeneration
Stlth   +++          x - ring of magical power
HPRegen 1.09/turn    D - +6 ring of intelligence
MPRegen 0.27/turn

%: no passive effects
@: about to teleport
A: no striking features
a: Renounce Religion


You were on level 9 of the Dungeon.
You worshipped Vehumet.
Vehumet was most pleased with you.
You visited 1 branch of the dungeon, and saw 11 of its levels.
You visited the Abyss 1 time.

You collected 503 gold pieces.

Inventory:

Hand Weapons
 a - a +4 quarterstaff of chaos
 A - the +3 hammer of the Insatiable Spines (weapon) {freeze, rCorr Stlth+}
   (You found it on level 4 of the Dungeon)

   rCorr:     It protects you from acid and corrosion.
   Stlth+:    It makes you more stealthy.
Armour
 i - a +0 pair of gloves (worn)
 j - a +0 pair of boots (worn)
 s - a +1 scale mail of fire resistance
 E - a +0 helmet (worn)
 N - a +0 buckler
 P - a +1 cloak (worn)
 Q - a +1 robe of cold resistance (worn)
Magical Staves
 b - a staff of alchemy
 h - a staff of air
 R - a staff of cold
Jewellery
 g - a ring of fire
 u - an amulet of regeneration (around neck)
 x - a ring of magical power (left hand)
 C - a ring of see invisible
 D - a +6 ring of intelligence (right hand)
 G - a +5 ring of evasion
 M - a ring of wizardry
Wands
 w - a wand of polymorph (10)
 H - a wand of iceblast (17)
 J - a wand of paralysis (9)
 S - a wand of flame (21)
Scrolls
 c - a scroll of teleportation
 e - 3 scrolls of enchant weapon
 k - a scroll of brand weapon
 n - 3 scrolls of blinking
 t - a scroll of butterflies {unknown}
 v - a scroll of revelation {unknown}
 y - 3 scrolls of fog {unknown}
 z - a scroll of enchant armour {unknown}
 B - a scroll of amnesia {unknown}
 F - 3 scrolls of poison {unknown}
 L - a scroll of immolation {unknown}
 O - 2 scrolls of fear
Potions
 d - a potion of magic
 f - 2 potions of attraction {unknown}
 l - 6 potions of heal wounds {unknown}
 m - a potion of brilliance {unknown}
 o - a potion of mutation {unknown}
 p - 2 potions of curing {unknown}
 r - 5 potions of haste {unknown}
 I - a potion of ambrosia {unknown}
 K - a potion of cancellation {unknown}


   Skills:
 - Level 4.0 Fighting
 - Level 4.3 Armour
 - Level 3.0 Dodging
 - Level 3.0 Stealth
 + Level 2.2 Shields
 * Level 15.3 Spellcasting
 + Level 9.0 Conjurations
 - Level 1.1 Summonings
 - Level 1.1 Translocations
 - Level 1.1 Fire Magic
 + Level 1.5 Ice Magic
 - Level 1.0 Air Magic
 - Level 1.0 Alchemy
 - Level 1.0 Evocations


You had 30 spell levels left.
You knew the following spells:

 Your Spells              Type           Power      Damage    Failure   Level
a - Magic Dart            Conj           100%       1d8       1%          1
b - Mephitic Cloud        Conj/Alch/Air  45%        N/A       1%          3
c - Call Imp              Summ           58%        N/A       1%          2
d - Blink                 Tloc           58%        N/A       1%          2
e - Foxfire               Conj/Fire      100%       2x1d9     1%          1

Your spell library contained the following spells:

 Spells                   Type           Power      Damage    Failure   Level
 Frozen Ramparts          Ice            64%        1d10      1%          3
 Apportation              Tloc           58%        N/A       1%          1
 Necrotise                Necr           88%        1d8       1%          1
 Slow                     Hex            88%        N/A       1%          1
 Summon Small Mammal      Summ           100%       N/A       1%          1
 Lesser Beckoning         Tloc           58%        N/A       1%          2
 Momentum Strike          Conj/Tloc      100%       3d10      1%          2
 Cigotuvi's Dreadful Rot  Necr/Alch/Air  54%        N/A       2%          2
 Ensorcelled Hibernation  Hex/Ice        54%        N/A       2%          2
 Call Canine Familiar     Summ           29%        N/A       3%          3
 Swiftness                Air            29%        N/A       4%          3
 Passwall                 Erth           22%        N/A       6%          3
 Summon Blazeheart Golem  Fire/Summ      29%        N/A       13%         4


Dungeon Overview and Level Annotations

Branches:
Dungeon (11/15)            Temple (0/1) D:4             Orc (0/2) D:9
   Lair: D:8-11

Altars:
Cheibriados
Dithmenos
Fedhas
Hepliaklqana
Kikubaaqudgha
Makhleb
Nemelex Xobeh
Vehumet
Yredelemnul

Annotations:
D:9 Erolcha, Grum


Message History

The wolf misses you. The wolf closely misses you.
Casting: Call Imp (safe; 1% risk of failure)
Confirm with . or Enter, or press ? or * to list all spells.
You blink.
Grum and a wolf come into view.
Found 3 poisoned darts.
Grum growls angrily.
The wolf howls!
A wolf comes into view.
Casting: Blink (safe; 1% risk of failure)
Confirm with . or Enter, or press ? or * to list all spells.
Aiming: Mephitic Cloud (safe; 1% risk of failure)
Press: ? - help, Shift-Dir - straight line, f - Erolcha
Aim: Erolcha, wielding a +0 giant club, wearing a +0 robe of resistance and carrying a wand of paralysis (lightly wounded, chance to affect: 72%)
The ball explodes into a vile cloud!
The stinking cloud engulfs Erolcha.
Erolcha is lightly wounded.
The stinking cloud engulfs the troll.
The stinking cloud engulfs you.
The wolf howls!
You hear a howl!
The wolf is engulfed in noxious fumes.
The wolf appears confused.
Erolcha is engulfed in noxious fumes.
Erolcha appears confused.
Erolcha barely misses you.
The troll is engulfed in noxious fumes.
The troll bites you.
* * * LOW HITPOINT WARNING * * *
The troll claws you but does no damage. The troll barely misses you.
Unknown command.
Unknown command.
Okay, then.
Unknown command.
Okay, then.
Unknown command.
As you read the scroll of teleportation, it crumbles to dust.
You feel strangely unstable.
The troll is engulfed in noxious fumes.
The troll closely misses you. The troll claws you but does no damage.
The troll claws you!
* * * LOW HITPOINT WARNING * * *
Erolcha is engulfed in noxious fumes.
Erolcha appears confused.
Unknown command.
You feel ready to blink again.
The troll is engulfed in noxious fumes.
The troll attacks as it pursues you! The troll bites you!
You die...

#.............#
#
##....#.......#
#.#..........#
##.?.........#
###.G........
##..O#§.h....
#...§§§......
#...§T§......
##..@.h..h.#.
#.......g.#
##..##......
.... ####..
##(## # ##


You could see a great orb of eyes, Erolcha (confused), Grum, a troll and 3
wolves.

Vanquished Creatures
  Fannar (D:10)
  Pikel (D:5)
  Maurice (D:7)
  Joseph (D:7)
  A komodo dragon (D:7)
  A troll (D:9)
  A hornet (D:9)
  2 wraiths
  A human (D:7)
  An ice beast (D:5)
  A black bear (D:5)
  4 sky beasts
  2 hornet zombies (D:6)
  3 orc warriors
  2 ogres
  2 centaurs
  A lemure (D:5)
  A kobold brigand (D:8)
  3 phantoms
  A brain worm (D:9)
  A bullfrog (D:6)
  A gnoll sergeant (D:8)
  2 wyvern zombies (D:6)
  5 scorpions
  A wyvern skeleton (D:6)
  A water moccasin zombie (D:6)
  8 killer bees (D:7)
  An electric eel (D:6)
  5 bullfrog zombies (D:6)
  2 centaur zombies (D:6)
  2 gnoll boudas
  2 centaur skeletons (D:6)
  A bombardier beetle (D:3)
  2 hounds
  2 jellies (D:8)
  Crazy Yiuf (D:4)
  A human zombie (D:7)
  2 orc priests (D:9)
  3 bullfrog skeletons (D:6)
  A sleepcap (D:6)
  Jessica (D:3)
  3 orc wizards
  Natasha (thrice) (D:2)
  3 killer bee zombies (D:6)
  2 howler monkey zombies (D:6)
  A howler monkey skeleton (D:6)
  14 gnolls
  7 adders
  A shadow imp (D:7)
  A white imp (D:8)
  6 ufetubi
  A dart slug (D:1)
  6 ribbon worms
  25 orcs
  4 ball pythons
  6 endoplasms
  A giant cockroach (D:2)
  3 hobgoblins
  5 jackals
  2 quokkas (D:3)
  7 bats
  7 frilled lizards
  7 goblins
  10 kobolds
  8 rats
209 creatures vanquished.

Vanquished Creatures (collateral kills)
  A killer bee (D:7)
  A centaur zombie (D:6)
  A centaur skeleton (D:6)
  A killer bee zombie (D:6)
  A rat (D:3)
5 creatures vanquished.

Vanquished Creatures (others)
  2 electric eels (D:6)
  416 foxfires
418 creatures vanquished.

Grand Total: 632 creatures vanquished

Notes
Turn   | Place    | Note
-------+----------+-------------------------------------------
     0 | D:1      | pokeman the Deep Elf Hedge Wizard began the quest for the
                  | Orb.
     0 | D:1      | Reached XP level 1. HP: 10/10 MP: 7/7
   350 | D:1      | Reached XP level 2. HP: 16/16 MP: 5/9
   747 | D:1      | Found a faded altar of an unknown god.
   836 | D:2      | Noticed Natasha
  1026 | D:2      | Reached skill level 5 in Spellcasting
  1043 | D:2      | Reached XP level 3. HP: 20/20 MP: 2/11
  1047 | D:2      | Learned a level 3 spell: Mephitic Cloud
  1050 | D:2      | Learned a level 2 spell: Call Imp
  1053 | D:2      | Learned a level 2 spell: Blink
  1139 | D:2      | Killed Natasha
  1140 | D:2      | Reached skill level 1 in Fighting
  1140 | D:2      | Reached skill level 1 in Armour
  1347 | D:2      | Reached XP level 4. HP: 20/25 MP: 5/13
  1895 | D:2      | Noticed Natasha
  1902 | D:2      | Killed Natasha
  1987 | D:2      | Noticed Natasha
  2002 | D:2      | Killed Natasha
  2003 | D:2      | Reached skill level 6 in Spellcasting
  2191 | D:3      | Reached XP level 5. HP: 29/29 MP: 10/15
  2252 | D:3      | Found an ancient bone altar of Kikubaaqudgha.
  2946 | D:3      | Noticed Jessica
  2953 | D:3      | Killed Jessica
  2954 | D:3      | Reached skill level 1 in Air Magic
  2954 | D:3      | Reached skill level 1 in Alchemy
  2954 | D:3      | Reached skill level 1 in Evocations
  3081 | D:3      | Reached XP level 6. HP: 33/34 MP: 12/17
  3182 | D:3      | Found a blossoming altar of Fedhas.
  3409 | D:3      | Found a burning altar of Makhleb.
  3420 | D:3      | Found a radiant altar of Vehumet.
  3424 | D:3      | Became a worshipper of Vehumet
  3659 | D:4      | Found a snail-covered altar of Cheibriados.
  3728 | D:4      | Found a staircase to the Ecumenical Temple.
  3742 | D:4      | Reached skill level 7 in Spellcasting
  3797 | D:4      | Identified the +3 hammer of the Insatiable Spines {freeze,
                  | rCorr Stlth+}
  3801 | D:4      | Identified the +1 hammer of Roetu {flame, rCorr Str+3}
  3802 | D:4      | Found a runed translucent door.
  3803 | D:4      | Noticed Crazy Yiuf
  3818 | D:4      | Killed Crazy Yiuf
  3984 | D:4      | Got Even Initiates Can Learn Acroamatic Understanding!
  4053 | D:4      | Upgraded the game from 0.32-a0-699-g1ee5eff69a to
                  | 0.32-a0-705-g60f233581c
  4187 | D:4      | Found a hazy altar of Hepliaklqana.
  4229 | D:5      | Entered Level 5 of the Dungeon
  4362 | D:5      | Reached XP level 7. HP: 30/40 MP: 20/20
  4426 | D:5      | Reached skill level 8 in Spellcasting
  4974 | D:5      | Noticed Pikel
  4993 | D:5      | Killed Pikel
  4994 | D:5      | Reached skill level 10 in Spellcasting
  4994 | D:5      | Reached skill level 5 in Conjurations
  4994 | D:5      | Reached XP level 8. HP: 44/44 MP: 24/24
  5211 | D:5      | Found a shadowy altar of Dithmenos.
  5447 | D:6      | Reached * piety under Vehumet
  5447 | D:6      | Offered knowledge of Shock by Vehumet.
  5724 | D:6      | Reached skill level 11 in Spellcasting
  5859 | D:6      | Reached XP level 9. HP: 46/50 MP: 23/26
  6298 | D:6      | Reached skill level 12 in Spellcasting
  6617 | D:6      | Reached ** piety under Vehumet
  6638 | D:6      | Offered knowledge of Foxfire by Vehumet.
  6836 | D:6      | Learned a level 1 spell: Foxfire
  6847 | D:7      | Noticed a komodo dragon
  6868 | D:7      | Killed a komodo dragon
  6869 | D:7      | Reached skill level 1 in Fire Magic
  6923 | D:7      | Reached skill level 13 in Spellcasting
  7014 | D:7      | Found a runed translucent door.
  7027 | D:7      | Found a basalt altar of Yredelemnul.
  7332 | D:7      | Reached XP level 10. HP: 40/56 MP: 29/29
  7332 | D:7      | Noticed Joseph
  7379 | D:7      | Killed Joseph
  7514 | D:7      | Noticed Maurice
  7532 | D:7      | Killed Maurice
  7532 | D:7      | Offered knowledge of Searing Ray by Vehumet.
  7533 | D:7      | Reached skill level 14 in Spellcasting
  8015 | D:8      | Reached *** piety under Vehumet
  8249 | D:8      | You fall into a shaft and drop 3 floors!
  8256 | D:10     | Entered Level 10 of the Dungeon
  8322 | D:10     | Noticed Fannar
  8340 | D:10     | Killed Fannar
  8341 | D:10     | Reached skill level 1 in Shields
  8442 | D:9      | Reached skill level 15 in Spellcasting
  8807 | D:8      | Found a sparkling altar of Nemelex Xobeh.
  8934 | D:9      | Reached skill level 1 in Ice Magic
  9009 | D:9      | Found a staircase to the Orcish Mines.
  9060 | D:9      | Offered knowledge of Frozen Ramparts by Vehumet.
  9190 | D:9      | Noticed Erolcha
  9199 | Abyss:2  | Cast into level 2 of the Abyss (Erolcha)
  9248 | Abyss:2  | Noticed a great orb of eyes
  9273 | D:9      | Escaped the Abyss
  9274 | D:9      | Noticed Grum
  9277 | D:9      | Slain by a troll

Illustrated notes

Levels and vault maps discovered:
D:1:      scummos_arrival_star, layout_rooms,
          chequers_ecumenical_altar_simple_redux
D:2:      layout_loops_cross, corexii_hall_statues_l, minmay_tromino_v4_b,
          uniq_natasha
D:3:      minmay_chambers_of_threes, layout_basic,
          nicolae_overflow_quartered_altars, uniq_jessica
D:4:      layout_gridville, nicolae_hepliaklqana_hippocampus,
          lemuel_round_altar, minmay_temple_entry_glassed_door,
          uniq_crazy_yiuf_cottage
D:5:      layout_loops_ring, mainiacjoe_overflow_alcove_4, uniq_pikel
D:6:      layout_cave_pools, serial_undead, serial_undead_e, serial_undead_f,
          serial_undead_d, serial_undead_d, serial_undead_e, serial_undead_d,
          serial_undead_c, serial_undead_b, serial_undead_f, serial_undead_f,
          minivault_14
D:7:      layout_loops_ring, dk_yredelemnul_ordeal, uniq_joseph, uniq_maurice
D:8:      layout_loops_ring, nemelex_diamond_rough_becter
D:9:      layout_cave_pools, david_orc_1_choice, uniq_erolcha, uniq_grum
D:10:     layout_irregular_city, mainiacjoe_overflow_alcove_1,
          dpeg_oklobed_lair, chequers_garden, uniq_fannar
D:11:     layout_loops_ring, maelrawn_ghost_gauntlet_escape,
          serial_bayou_lagoon_b

Skill      XL: |  1  2  3  4  5  6  7  8  9 10 |
---------------+-------------------------------+-----
Spellcasting   | 5 6 7 10 11 13 15 | 15.3
Fighting       | 1 2 3 4 |  4.0
Armour         | 1 2 3 4 |  4.3
Conjurations   | 2 3 5 6 7 9 |  9.0
Stealth        | 3 |  3.0
Dodging        | 3 |  3.0
Air Magic      | 1 |  1.0
Alchemy        | 1 |  1.0
Evocations     | 1 |  1.0
Fire Magic     | 1 |  1.1
Shields        | 2 |  2.2
Ice Magic      | 1 |  1.5
Summonings     | |  1.1
Translocations | |  1.1

Action                     |  1- 3 |  4- 6 |  7- 9 | 10-12 || total
---------------------------+-------+-------+-------+-------++-------
  Melee: Dagger            |     9 |    31 |       |       ||    40
         Mace              |       |     6 |   228 |    66 ||   300
   Cast: Magic Dart        |    73 |   166 |   197 |     4 ||   440
         Mephitic Cloud    |     1 |     7 |    28 |    16 ||    52
         Call Imp          |       |     1 |    10 |     1 ||    12
         Blink             |       |       |     6 |     3 ||     9
         Foxfire           |       |       |    67 |   158 ||   225
  Evoke: Wand              |       |       |       |     1 ||     1
    Use: Scroll            |       |       |       |     5 ||     5
   Stab: Confused          |     1 |     6 |     6 |     6 ||    19
         Distracted        |       |       |     1 |       ||     1
 Armour: Robe              |    20 |    39 |   353 |    67 ||   479
  Dodge: Dodged            |    17 |    41 |   324 |    72 ||   454

Table legend: (Time is in decaauts)
 A = Elapsed time spent in this place.
 B = Non-inter-level travel time spent in this place.
 C = Inter-level travel time spent in this place.
 D = Time resting spent in this place.
 E = Time spent auto-exploring this place.
 F = Levels seen in this place.
 G = Mean time per level.
                   A        B        C        D        E       F      G
               +--------+--------+--------+--------+--------+-----+--------+
         Total |   9394 |   9101 |    293 |    221 |   6797 |  12 |  782.8 |
       Dungeon |   9320 |   9027 |    293 |    221 |   6797 |  11 |  847.3 |
         Abyss |     74 |     74 |      0 |      0 |      0 |   1 |   74.0 |
               +--------+--------+--------+--------+--------+-----+--------+

Top non-repeatable levels by time:
     D:5: 1378 daAuts
     D:6: 1330 daAuts
     D:2: 1315 daAuts
     D:3: 1286 daAuts
     D:7: 1007 daAuts
     D:1: 862 daAuts
     D:8: 810 daAuts
     D:4: 763 daAuts
     D:9: 428 daAuts
    D:10: 129 daAuts
 Abyss:2: 74 daAuts
    D:11: 6 daAuts
